 Dungeon Sprint DCSS version 0.30-a0-269-gf0224bf7b6 (webtiles) character file.

Game seed: 18256536318544190004

177 tbh1313 the Basher (level 5, -3/75 HPs)
             Began as a Troll Berserker on Oct 14, 2022.
             Was a Believer of Trog.
             Slain by a merfolk siren
             ... wielding a +0 trident
              (15 damage)
             ... in the Dungeon (Sprint II: "The Violet Keep of Menkaure").
             The game lasted 00:00:35 (137 turns).

tbh1313 the Basher (Troll Berserker)                 Turns: 137, Time: 00:00:35

Health: -3/75      AC:  4    Str: 27    XL:     5   Next: 30%
Magic:  4/4        EV: 10    Int:  3    God:    Trog [**....]
Gold:   243        SH:  0    Dex:  9    Spells: 4/4 levels left

rFire   . . .      SeeInvis .    a - +0 mace
rCold   . . .      Faith    .    (no shield)
rNeg    . . .      Spirit   .    b - +0 animal skin
rPois   .          Reflect  .    (helmet restricted)
rElec   .          Harm     .    (no cloak)
rCorr   .          Rampage  .    (gloves unavailable)
Will    .....      NoTele   +    (boots unavailable)
Stlth   ..........               (no amulet)
HPRegen 1.12/turn                (no ring)
MPRegen 0.09/turn                (no ring)

@: berserking, very quick
A: large, unfitting armour, claws 3, regeneration 1, shaggy fur 1, tough skin 1
a: Renounce Religion, Berserk, Trog's Hand


You were in the Dungeon.
You worshipped Trog.
Trog was pleased with you.
You visited 1 branch You collected 243 gold pieces.

Inventory:

Hand Weapons
 a - a +0 mace (weapon)
Armour
 b - a +0 animal skin (worn)
Scrolls
 h - a scroll of blinking
Potions
 c - a potion of curing
 d - a potion of heal wounds
 e - a potion of haste
 f - 2 potions of magic
 g - a potion of berserk rage


   Skills:
 - Level 2.4 Fighting
 + Level 10.4 Maces & Flails
 - Level 2.4 Dodging


You had 4 spell levels left.
You didn't know any spells.
Your spell library was empty.

Dungeon Overview and Level Annotations

Branches:
Dungeon (1/1)

Altars:

Annotations:
D exclusion: obsidian statue


Innate Abilities, Weirdness & Mutations

You are too large for most types of armour.
You have claws for hands.
Your natural rate of healing is unusually fast.
You are covered in fur. (AC +1)
You have tough skin. (AC +1)


Message History

You kill the water moccasin!
Trog accepts your kill.
Your Maces & Flails skill increases to level 10!
You have reached level 5!
There is an open door here.
You feel a strong urge to attack something.
You feel your anger nearly subside.
You are no longer berserk.
You are exhausted.
You feel yourself slow down.
There is an open door here.
You start waiting.
You feel yourself speed up.
You start waiting.
You recover from your berserk rage.
You open the door.
A merfolk siren comes into view. It is wielding a +0 trident.
The merfolk siren shouts!
The merfolk siren hits you with a +0 trident!!
There is an open door, spattered with blood here.
A red film seems to cover your vision as you go berserk!
You feel yourself moving faster!
You feel mighty!
The merfolk siren hits you with a +0 trident.
You closely miss the merfolk siren.
The merfolk siren hits you with a +0 trident!
You miss the merfolk siren.
The merfolk siren hits you with a +0 trident!!
* * * LOW HITPOINT WARNING * * *
You sock the merfolk siren!
The merfolk siren is moderately wounded.
You closely miss the merfolk siren.
The merfolk siren is moderately wounded.
The merfolk siren hits you with a +0 trident.
* * * LOW HITPOINT WARNING * * *
You are too berserk!
You hit the merfolk siren.
The merfolk siren is moderately wounded.
You sock the merfolk siren!
The merfolk siren is severely wounded.
The merfolk siren hits you with a +0 trident!
You die...

##~~#+++#+++##
#~~~.........#
#~~~~.##'##..#
#~~~~###..## #
#~~~ #.##..#
#~~## #.#.##
#~##.# #'## #
#...##.##
#m@.<.+
#...##.## ##.#
#+# ##


You could see a merfolk siren.

Levels and vault maps discovered:
D:        the_violet_keep_of_menkaure [sprint2_stairs_cluster_1,
          sprint2_shoproom, sprint2_temple, sprint2_basic_supplies,
          sprint2_obstacle_5, sprint2_obstacle_4, sprint2_obstacle_3,
          sprint2_obstacle_6, sprint2_obstacle_7, sprint2_timed_cluster_1,
          sprint2_smallroom_cluster_1, sprint2_smallroom_final_cluster_1,
          sprint2_transparent_cluster_1, sprint2_second_timed_cluster_1,
          sprint2_sniper_area_1, sprint2_heavy_combat_area_1,
          sprint2_mutation_trap_area_1, sprint2_forest_area_1,
          sprint2_light_combat_area_1, sprint2_behind_water_1,
          sprint2_near_end_vault_1]

Notes
Turn   | Place    | Note
-------+----------+-------------------------------------------
     0 | D        | tbh1313 the Troll Berserker began the quest for the Orb.
     0 | D        | Reached XP level 1. HP: 22/22 MP: 0/0
     8 | D        | Reached skill level 3 in Maces & Flails
    11 | D        | Reached skill level 4 in Maces & Flails
    13 | D        | Reached ** piety under Trog
    14 | D        | Reached XP level 2. HP: 29/29 MP: 1/1
    71 | D        | Noticed an obsidian statue
    73 | D        | Noticed Menkaure
    74 | D        | Noticed a water moccasin
    77 | D        | Killed Menkaure
    78 | D        | Reached skill level 9 in Maces & Flails
    78 | D        | Reached XP level 3. HP: 36/36 MP: 2/2
    78 | D        | Reached XP level 4. HP: 44/44 MP: 3/3
    81 | D        | Killed a water moccasin
    82 | D        | Reached skill level 10 in Maces & Flails
    82 | D        | Reached XP level 5. HP: 50/50 MP: 4/4
   129 | D        | Noticed a merfolk siren
   137 | D        | Slain by a merfolk siren

Table legend: (Time is in decaauts)
 A = Elapsed time spent in this place.
 B = Non-inter-level travel time spent in this place.
 C = Inter-level travel time spent in this place.
 D = Time resting spent in this place.
 E = Time spent auto-exploring this place.
 F = Levels seen in this place.
 G = Mean time per level.
                   A        B        C        D        E       F      G
               +--------+--------+--------+--------+--------+-----+--------+
         Total |    160 |    160 |      0 |    121 |      7 |   1 |  160.0 |
       Dungeon |    160 |    160 |      0 |    121 |      7 |   1 |  160.0 |
               +--------+--------+--------+--------+--------+-----+--------+

Top non-repeatable levels by time:
       D: 160 daAuts

Table legend:
 A = Kills in this place as a percentage of kills in entire the game.
 B = Kills by you in this place as a percentage of kills by you in the entire game.
 C = Kills by friends in this place as a percentage of kills by friends in the entire game.
 D = Other kills in this place as a percentage of other kills in the entire game.
 E = Experience gained in this place as a percentage of experience gained in the entire game.
 F = Experience gained in this place divided by the number of levels of this place that you have seen.
                   A       B       C       D       E      F
               +-------+-------+-------+-------+-------+----------------------
         Total | 100.0 | 100.0 |   N/A |   N/A | 100.0 | 253.0
       Dungeon | 100.0 | 100.0 |   N/A |   N/A | 100.0 | 253.0
               +-------+-------+-------+-------+-------+----------------------

Action                   |  1- 3 |  4- 6 || total
-------------------------+-------+-------++-------
Melee: Mace              |    12 |    10 ||    22
       Punch             |     1 |       ||     1
Invok: Berserk           |     2 |     1 ||     3
Armor: Animal skin       |     1 |     1 ||     2
Dodge: Dodged            |     6 |       ||     6

Vanquished Creatures
  Menkaure (D)
  A water moccasin (D)
  3 worms (D)
5 creatures vanquished.
